 Dungeon Crawl Stone Soup version 0.29.1-2-gbd0b4ee654 (webtiles) character file.

Game seed: 6861846255226744363

7617 croobank the Covert (level 11, 0/72 HPs)
             Began as an Octopode Summoner on Oct 26, 2022.
             Was an Initiate of Gozag.
             Killed by divine providence
             ... invoked by an orc priest
              (13 damage)
             ... on level 9 of the Dungeon.
             The game lasted 00:42:18 (13953 turns).

croobank the Covert (Octopode Summoner)            Turns: 13953, Time: 00:42:19

Health: 0/72       AC:  1    Str:  8    XL:     11   Next: 18%
Magic:  18/29      EV: 17    Int: 22    God:    Gozag
Gold:   1390       SH:  0    Dex: 18    Spells: 9/22 levels left

rFire   . . .      SeeInvis .   a - +9 staff of Olgreb {rPois∞}
rCold   + . .      Faith    .   (no shield)
rNeg    . . .      Spirit   .   (helmet restricted)
rPois   ∞          Reflect  .   (no amulet)
rElec   .          Harm     .   h - ring of wizardry
rCorr   .          Rampage  .   o - +6 ring of dexterity
Will    .....                   p - ring of magical power
Stlth   ++++++....              c - ring of protection from cold
HPRegen 0.22/turn               (no ring)
MPRegen 0.21/turn               (no ring)
                                (no ring)
                                (no ring)

@: no status effects
A: almost no armour, amphibious, 8 rings, camouflage 1, gelatinous body 1,
(nimble swimmer 1), tentacles
a: Renounce Religion, Evoke the Staff of Olgreb, Potion Petition, Call Merchant,
Bribe Branch


You were on level 9 of the Dungeon.
You worshipped Gozag.
Gozag was most pleased with you.
You visited 2 branches of the dungeon, and saw 10 of its levels.

You collected 1423 gold pieces.
You paid 33 gold pieces to Gozag.

Inventory:

Hand Weapons
 a - the +9 staff of Olgreb (weapon) {rPois∞}
   (You acquired it on level 7 of the Dungeon)

   If the wielder is skilled in Evocations, they can envenom those struck by it,
   dealing poison damage which bypasses armour.
   It enhances your poison magic.
   It grants immunity to poison.
   It can be activated via the 'a'bility menu to radiate toxic energy, with
   effectiveness depending on Evocations skill.
 d - a +2 short sword of freezing
 l - a +1 trident
 s - a +2 short sword of protection
 y - a +2 vorpal hand axe
 z - a +4 dagger of draining
Missiles
 e - 13 poisoned darts
 q - 6 silver javelins
Jewellery
 c - a ring of protection from cold (on tentacle)
 h - a ring of wizardry (left tentacle)
 o - a +6 ring of dexterity (right tentacle)
 p - a ring of magical power (on tentacle)
 C - a ring of ice
Wands
 m - a wand of charming (4)
 w - a wand of acid (16)
Scrolls
 g - 2 scrolls of magic mapping
 r - 2 scrolls of poison
 t - 2 scrolls of immolation
 u - a scroll of teleportation
 x - a scroll of noise
Potions
 b - a potion of ambrosia
 f - 5 potions of curing
 i - 3 potions of flight
 j - 4 potions of might
 k - a potion of magic
 n - 4 potions of attraction
 A - 3 potions of resistance {unknown}
 B - 2 potions of mutation {unknown}
 D - a potion of berserk rage {unknown}
 E - a potion of brilliance {unknown}


   Skills:
 + Level 6.2 Fighting
 + Level 4.3 Staves
 + Level 7.0 Dodging
 + Level 10.0 Stealth
 + Level 6.3 Spellcasting
 - Level 5.0 Hexes
 + Level 7.7 Summonings
 + Level 4.7 Air Magic


You had 9 spell levels left.
You knew the following spells:

 Your Spells              Type           Power      Damage    Failure   Level
a - Summon Small Mammal   Summ           100%       N/A       1%          1
b - Call Imp              Summ           40%        N/A       1%          2
c - Call Canine Familiar  Summ           40%        N/A       1%          3
d - Summon Guardian Gole  Hex/Summ       34%        N/A       1%          3
e - Summon Lightning Spi  Summ/Air       34%        N/A       2%          4

Your spell library contained the following spells:

 Spells                   Type           Power      Damage    Failure   Level
 Sandblast                Erth           12%        2d6       3%          1
 Inner Flame              Hex/Fire       17%        N/A       4%          3
 Cause Fear               Hex            14%        N/A       4%          4
 Passwall                 Tmut/Erth      5%         N/A       6%          2
 Gell's Gravitas          Tloc           6%         N/A       11%         3
 Lesser Beckoning         Tloc           6%         N/A       11%         3
 Stone Arrow              Conj/Erth      12%        3d7       11%         3
 Teleport Other           Tloc           6%         N/A       11%         3
 Haunt                    Necr/Summ      11%        N/A       99%         7
 Borgnjor's Revivificati  Necr           3%         N/A       100%        8
 Discord                  Hex            14%        N/A       100%        8
 Infestation              Necr           3%         N/A       100%        8
 Necromutation            Tmut/Necr      3%         N/A       100%        8
 Death's Door             Necr           3%         N/A       100%        9
 Animate Dead             Necr           Unusable   N/A       N/A         4

Dungeon Overview and Level Annotations

Branches:
Dungeon (9/15)             Temple (1/1) D:4            Lair (0/5) D:8
    Orc (0/2) D:9

Altars:
Dithmenos
Fedhas
Gozag
Kikubaaqudgha
Makhleb
Nemelex Xobeh
Okawaru
Ru
Trog
Uskayaw
Vehumet
Xom
Zin

Shops:
D:9 [

Annotations:
D:3 1 runed translucent door, videwesjr's ghost, amateur MiBe
D:6 2 transporters, Arctor's ghost, novice MiFi


Innate Abilities, Weirdness & Mutations

You cannot wear most types of armour.
You are amphibious.
You can wear up to eight rings at the same time.
Your skin changes colour to match your surroundings (Stealth+).
Your rubbery body absorbs attacks. (AC +1, EV +1)
((You are camouflaged when in or above water. (Stealth+)))
You have tentacles for arms and can constrict up to eight enemies at once.


Message History

What are your orders? t - Shout!
Orders for allies: a - Attack new target. p - Attack previous target. r - Retreat! s - Stop attacking. g - Guard the area. f - Follow me.
Anything else - Cancel.
Gang up on whom?
Press: ? - help, Dir - move target, f - gnoll, p - orc priest
Aim: a gnoll, wielding a +0 halberd (covering ground quickly) Attack!
The gnoll is no longer moving quickly.
Something hits your guardian golem.
Something hits your guardian golem but does no damage.
The orc priest hits your guardian golem but does no damage.
The gnoll is distracted by your dazzling golden aura. x2
Your attacks no longer feel as feeble.
The gnoll is no longer moving quickly.
Something hits your guardian golem but does no damage.
You hear some strange, mumbled words.
Something tries to affect you, but you resist.
The orc priest hits your guardian golem with a +0 club.
The gnoll shouts!
Casting: Summon Guardian Golem (safe; 1% risk of failure)
Confirm with . or Enter, or press ? or * to list all spells.
An electric hum fills the air.
Something hits your guardian golem but does no damage.
A magic dart appears from out of thin air!
The magic dart hits you.
The orc priest invokes the aid of Beogh against you.
Beogh smites you!
* * * LOW HITPOINT WARNING * * *
The gnoll barely misses you.
Something hits your guardian golem but does no damage.
The gnoll bouda barks out a call to the hunt!
The gnolls pick up the pace!
The orc priest hits your guardian golem with a +0 club.
The gnoll is no longer distracted by gold.
The orc priest calls down the wrath of Beogh upon you.
Beogh smites you!
You die...
Your body crumbles into a pile of gold.

#############################
#.....'..........g.$.........
#.....#.........{.g.......$..
#.....#....#.#9.o..g.........
#....##....8@.g....##...##...
######...#####.#.#.....##...#*,..
....##...##........#'####.....,,,
.)..##...##.............#......,,
.....#..................#.......,
.....#...........[......#...##..,
.....#..................#,,,**,,,
.....#..................#,,,,,,,,
#...##..###..####.#######,,,**,,,


You could see a gnoll bouda, an orc priest, 3 gnolls, a friendly guardian golem
(summoned) and a friendly lightning spire (summoned, sheltered).

Vanquished Creatures
  A polar bear (D:8)
  2 wyverns
  A water moccasin (D:8)
  A phantom (D:6)
  A bullfrog (D:8)
  2 scorpions
  A hound (D:7)
  2 orc priests (D:8)
  5 orc wizards
  A gnoll (D:9)
  4 adders (D:3)
  3 white imps
  An ufetubus (D:5)
  A dart slug (D:3)
  8 orcs
  A ball python (D:1)
  2 endoplasms
  2 giant cockroaches
  2 goblins (D:1)
  4 hobgoblins
  A kobold (D:1)
  3 bats
  2 rats (D:2)
51 creatures vanquished.

Vanquished Creatures (collateral kills)
  Prince Ribbit (D:6)
  A shadow (D:9)
  2 wyverns (D:7)
  3 yaks
  Eustachio (D:6)
  2 water moccasins
  4 orc warriors
  An ice beast (D:7)
  A sky beast (D:6)
  2 ogres
  3 wolves (D:8)
  A kobold brigand (D:9)
  2 bullfrogs (D:7)
  2 scorpions
  2 killer bees (D:9)
  2 hounds
  3 orc priests
  A gnoll bouda (D:3)
  7 iguanas
  5 orc wizards
  8 gnolls
  2 adders (D:2)
  2 river rats (D:8)
  6 white imps
  2 ufetubi
  3 worms
  2 dart slugs
  36 orcs
  A bat (D:2)
  5 endoplasms
  2 giant cockroaches
  3 goblins
  4 hobgoblins
  3 jackals (D:2)
  3 quokkas
  3 frilled lizards
  15 kobolds
  3 rats (D:3)
149 creatures vanquished.

Vanquished Creatures (others)
  3 death yaks (D:8)
  2 yaks
  A water moccasin (D:6)
  An orc warrior (D:9)
  2 ice beasts (D:6)
  A centaur (D:8)
  A gnoll sergeant (D:5)
  A killer bee (D:9)
  3 orc priests
  An iguana (D:6)
  3 orc wizards (D:9)
  A hell rat (D:8)
  A gnoll (D:5)
  An adder (D:6)
  A river rat (D:8)
  A white imp (D:8)
  4 orcs
  2 plants (D:3)
30 creatures vanquished.

Grand Total: 230 creatures vanquished

Notes
Turn   | Place    | Note
-------+----------+-------------------------------------------
     0 | D:1      | croobank the Octopode Summoner began the quest for the Orb.
     0 | D:1      | Reached XP level 1. HP: 11/11 MP: 3/3
   162 | D:1      | Reached skill level 3 in Stealth
   162 | D:1      | Reached XP level 2. HP: 16/17 MP: 3/5
   198 | D:1      | Learned a level 2 spell: Call Imp
  1003 | D:2      | Found a faded altar of an unknown god.
  1036 | D:2      | Reached XP level 3. HP: 17/21 MP: 1/6
  1357 | D:2      | Found an iron altar of Okawaru.
  1745 | D:2      | Reached XP level 4. HP: 27/27 MP: 3/7
  1749 | D:2      | Learned a level 3 spell: Call Canine Familiar
  2033 | D:3      | Reached skill level 4 in Stealth
  2649 | D:3      | Found a runed translucent door.
  2653 | D:3      | Noticed videwesjr's ghost (amateur MiBe)
  2886 | D:3      | Reached XP level 5. HP: 31/31 MP: 9/9
  2890 | D:3      | Learned a level 3 spell: Summon Guardian Golem
  3595 | D:4      | Reached skill level 1 in Fighting
  3610 | D:3      | Reached skill level 1 in Hexes
  3610 | D:3      | Reached XP level 6. HP: 18/38 MP: 3/10
  4282 | D:4      | Reached skill level 5 in Stealth
  4427 | D:4      | Reached skill level 5 in Summonings
  4427 | D:4      | Reached XP level 7. HP: 44/44 MP: 4/12
  4715 | D:4      | Found a staircase to the Ecumenical Temple.
  4750 | Temple   | Entered the Ecumenical Temple
  4783 | Temple   | Became a worshipper of Gozag Ym Sagoz the Greedy
  4894 | D:4      | Found an iron altar of Okawaru.
  5069 | D:5      | Entered Level 5 of the Dungeon
  6044 | D:5      | Reached skill level 6 in Stealth
  6764 | D:5      | Reached XP level 8. HP: 50/51 MP: 2/13
  7173 | D:6      | Found a transporter.
  7174 | D:6      | Noticed Arctor's ghost (novice MiFi)
  7180 | D:6      | Identified the +4 dire flail of Mashing Slow Death {speed,
                  | MP-9 Str+2 Dex+4}
  7180 | D:6      | Noticed a two-headed ogre
  7199 | D:6      | Found a transporter.
  7459 | D:6      | Noticed Eustachio
  8150 | D:6      | Learned a level 4 spell: Summon Lightning Spire
  8224 | D:6      | Killed Eustachio
  8225 | D:6      | Reached skill level 7 in Stealth
  8245 | D:6      | Reached skill level 5 in Dodging
  8502 | D:6      | Noticed Prince Ribbit
  8514 | D:6      | Killed Prince Ribbit
  8515 | D:6      | Reached skill level 1 in Air Magic
  8515 | D:6      | Reached XP level 9. HP: 58/58 MP: 7/15
  9235 | D:7      | Identified a scroll of acquirement
  9235 | D:7      | Acquired the +9 staff of Olgreb {rPois∞}
  9235 | D:7      | Found the +9 staff of Olgreb {rPois∞}
  9658 | D:7      | Reached skill level 1 in Staves
 10023 | D:7      | Reached skill level 5 in Spellcasting
 10301 | D:7      | Reached skill level 8 in Stealth
 10713 | D:8      | Found a radiant altar of Vehumet.
 10827 | D:8      | Noticed a polar bear
 10857 | D:8      | HP: 3/60 [centaur (2)]
 11072 | D:7      | Reached skill level 5 in Fighting
 11072 | D:7      | Reached XP level 10. HP: 31/66 MP: 17/17
 11453 | D:8      | Noticed a death yak
 11453 | D:8      | Noticed a death yak
 11496 | D:8      | Noticed a death yak
 11513 | D:8      | Killed a death yak
 11514 | D:8      | Reached skill level 5 in Hexes
 11534 | D:8      | Killed a death yak
 11535 | D:8      | Reached skill level 9 in Stealth
 11540 | D:8      | Killed a death yak
 11769 | D:8      | Found a staircase to the Lair.
 13280 | D:9      | Reached XP level 11. HP: 72/72 MP: 20/20
 13317 | D:9      | Found Axaucs's Armour Shop.
 13341 | D:9      | Found a staircase to the Orcish Mines.
 13845 | D:9      | Reached skill level 10 in Stealth
 13953 | D:9      | Killed from afar by an orc priest

Illustrated notes

Levels and vault maps discovered:
D:1:      dpeg_arrival_pits, layout_basic, serial_glass, glass_columns_a,
          glass_columns_c
D:2:      layout_rooms, chequers_ecumenical_altar_simple_redux, basic_altar
D:3:      layout_loops_ring, ebering_ghost_inner_flame,
          minmay_misc_feat_encased, corexii_hall_statues_x, hex_large,
          chequers_garden, nrook_mini_vaults, nicolae_grassy_gnolls
D:4:      layout_cave_pools, mainiacjoe_overflow_24_doors,
          minmay_temple_entry_slanted, supply_closet_lemuel
D:5:      layout_basic
D:6:      layout_basic, gammafunk_ghost_smash, uniq_prince_ribbit1,
          uniq_eustachio
D:7:      layout_basic
D:8:      layout_rooms, nicolae_vehumet_radiance, dpeg_lair_monsters,
          serial_ice, serial_ice_j, serial_ice_f, serial_ice_b, serial_ice_c
D:9:      layout_gridville, orc_david_3, serial_glass, glass_columns_b,
          glass_columns_a, hangedman_decor_riveting, uniq_erica
Temple:   hellmonk_temple_of_storms

Skill      XL: |  1  2  3  4  5  6  7  8  9 10 11 |
---------------+----------------------------------+-----
Stealth        | 3 4 5 6 7 8 9 10 | 10.0
Dodging        | 3 4 5 6 7 |  7.0
Spellcasting   | 3 4 5 6 |  6.3
Fighting       | 1 2 4 5 6 |  6.2
Hexes          | 1 2 3 4 5 |  5.0
Summonings     | 5 6 7 |  7.7
Air Magic      | 1 3 4 |  4.7
Staves         | 2 4 |  4.3

Action                   |  1- 3 |  4- 6 |  7- 9 | 10-12 || total
-------------------------+-------+-------+-------+-------++-------
Melee: Dagger            |    29 |       |       |       ||    29
       Tentacles         |     7 |     8 |    14 |     7 ||    36
       Constrict         |     8 |     8 |    15 |     5 ||    36
       Short sword       |       |    27 |    30 |       ||    57
       Staff             |       |       |    42 |    31 ||    73
 Cast: Summon Small Mamm |    41 |    34 |    70 |    13 ||   158
       Call Imp          |    13 |    11 |    22 |     4 ||    50
       Call Canine Famil |       |    15 |    54 |    14 ||    83
       Summon Guardian G |       |     1 |    18 |    17 ||    36
       Summon Lightning  |       |       |     9 |    23 ||    32
Evoke: Wand              |       |       |       |     5 ||     5
  Use: Scroll            |     5 |       |    12 |     5 ||    22
       Potion            |       |       |     8 |       ||     8
 Stab: Sleeping          |       |     1 |     5 |       ||     6
       Distracted        |       |       |       |     2 ||     2
Armor: Skin              |     6 |     1 |     1 |     2 ||    10
Dodge: Dodged            |    29 |    27 |   131 |    55 ||   242
